Map: Thunderbird LE

Players

BlueBear - Winner!

  • Race: Terran Terran
  • League: Platinum
  • Spawn Location: 5:00

pHARM

  • Race: Terran Terran
  • League: Platinum
  • Spawn Location: 11:00

VOD

Have the link to the VOD?

Description

Time

  • Played on: Aug. 29, 2019, 8:48 p.m.
  • Length: 7:25
Show
View Real Time Build Order
Export as new Build Order

BlueBear Terran - Winner!

Build Orders:  

Get SALT Encoding   

  12  0:01  SCV  
  13  0:15  Supply Depot  
  13  0:20  SCV  
  14  0:26  Refinery  
  14  0:42  Barracks, SCV  
  15  0:54  SCV  
  16  1:06  SCV  
  16  1:10  Refinery  
  17  1:18  SCV  
  18  1:29  Reaper  
  18  1:30  SCV, Supply Depot  
  20  1:42  SCV  
  21  1:55  Factory  
  21  1:57  Orbital Command  
  21  2:14  Marine  
  21  2:15  Supply Depot  
  22  2:25  SCV  
  23  2:32  Marine  
  24  2:37  SCV  
  24  2:48  Factory Tech Lab  
  24  2:53  Barracks Reactor  
  24  2:56  Command Center  
  24  3:02  SCV  
  25  3:09  Siege Tank  
  28  3:21  Barracks  
  28  3:22  SCV  
  29  3:28  Engineering Bay  
  29  3:33  Marine x2  
  31  3:51  Marine x2  
  33  3:56  Starport  
  33  4:10  Orbital Command  
  33  4:14  SCV  
  33  4:15  Marine  
  33  4:16  Marine  
  36  4:20  Siege Tank  
  39  4:27  Supply Depot  
  39  4:33  SCV, Orbital Command  
  39  4:36  Barracks Tech Lab  
  39  4:37  Marine  
  41  4:45  SCV  
  42  4:46  Medivac  
  42  4:48  Terran Infantry Weapons Level 1  
  44  4:57  Missile Turret  
  44  5:02  Marine x2  
  44  5:04  Stimpack  
  46  5:09  SCV x2  
  48  5:20  Medivac  
  50  5:29  Missile Turret  
  50  5:32  Siege Tank  
  53  5:35  Marine x2  
  53  5:36  Marine  
  56  5:43  SCV  
  56  5:45  Supply Depot  
  56  6:08  Siege Tank  
  59  6:18  Marine x2  
  61  6:21  Marine  
  61  6:23  Starport Reactor  
  62  6:30  Factory  
  62  6:34  Supply Depot  
  62  6:36  Marine  
  63  6:40  Siege Tank  
  66  6:57  Missile Turret  
  66  6:58  Supply Depot  
  66  7:01  Marine x2  
  67  7:02  Supply Depot, Marauder  
Show
View Real Time Build Order
Export as new Build Order

pHARM Terran 

Build Orders: Mech 

Get SALT Encoding   

  12  0:01  SCV  
  13  0:21  SCV, Supply Depot  
  14  0:33  SCV  
  15  0:44  Barracks  
  15  0:45  SCV  
  16  0:57  SCV  
  17  1:10  SCV  
  18  1:22  SCV  
  18  1:23  Refinery  
  19  1:47  Marine  
  19  1:48  Supply Depot  
  19  1:51  Bunker  
  21  1:55  Orbital Command  
  20  2:07  Marine, Command Center  
  20  2:24  Supply Depot  
  20  2:26  Marine  
  21  2:40  SCV  
  22  2:51  Factory  
  22  2:52  SCV  
  23  3:01  Barracks Tech Lab  
  23  3:04  SCV  
  24  3:16  SCV  
  25  3:20  Refinery  
  25  3:28  SCV  
  26  3:42  Barracks Tech Lab  
  26  3:47  Orbital Command  
  26  3:49  SCV  
  26  3:55  Siege Tank  
  30  4:01  SCV  
  31  4:13  SCV  
  32  4:21  SCV  
  33  4:25  SCV  
  33  4:27  Siege Tank  
  37  4:33  SCV  
  37  4:38  SCV  
  39  4:45  SCV  
  39  4:47  Factory  
  39  4:48  Factory  
  39  4:49  Engineering Bay  
  39  4:50  SCV  
  41  4:58  SCV  
  42  5:02  SCV  
  42  5:06  Siege Tank  
  42  5:07  Command Center  
  46  5:10  SCV  
  48  5:14  SCV  
  48  5:22  SCV, Refinery  
  48  5:23  Refinery  
  48  5:26  SCV  
  50  5:29  Missile Turret  
  50  5:32  Missile Turret  
  50  5:34  SCV  
  51  5:38  SCV  
  52  5:46  SCV  
  52  5:50  SCV  
  53  5:58  SCV  
  54  6:11  Siege Tank, SCV x2  
  59  6:21  Supply Depot  
  59  6:23  SCV x2  
  59  6:25  Factory Tech Lab  
  61  6:28  Supply Depot  
  61  6:33  Factory  
  61  6:35  SCV  
  61  6:38  SCV, Armory  
  63  6:47  SCV  
  63  6:50  SCV  
  65  6:57  Orbital Command  
Tags
 
Composition
Mech
Matchup
TvT
Race
Terran
Replay Pack
10.7.19
Spawn Locations
Cross Positions
Add a new tag
Caveats
  • Supply blocks, unpowered buildings, or Contaminate may cause inaccurate times.
  • Supply counts are checked every 10 seconds.